 Dungeon Crawl Stone Soup version 0.29.1 (webtiles) character file.

Game seed: 16284991831514794311

174 groovy9 the Shooter (level 5, -2/46 HPs)
             Began as a Minotaur Hunter on Sept 15, 2022.
             Slain by an iguana (8 damage)
             ... on level 4 of the Dungeon.
             The game lasted 00:07:40 (3440 turns).

groovy9 the Shooter (Minotaur Hunter)               Turns: 3440, Time: 00:07:40

Health: -2/46      AC:  4    Str: 16    XL:     5   Next: 28%
Magic:  4/4        EV: 13    Int:  6    God:
Gold:   255        SH:  0    Dex: 15    Spells: 4/4 levels left

rFire   . . .      SeeInvis .   a - +0 shortbow
rCold   . . .      Faith    .   (shield currently unavailable)
rNeg    . . .      Spirit   .   c - +0 leather armour
rPois   .          Reflect  .   (helmet restricted)
rElec   .          Harm     .   (no cloak)
rCorr   .          Rampage  .   m - +0 pair of gloves
Will    .....                   (no boots)
Stlth   +.........              (no amulet)
HPRegen 0.15/turn               (no ring)
MPRegen 0.09/turn               (no ring)

@: mighty
A: horns 2, retaliatory headbutt
a: no special abilities


You were on level 4 of the Dungeon.
You visited 1 branch of the dungeon, and saw 4 of its levels.

You collected 255 gold pieces.

Inventory:

Hand Weapons
 a - a +0 shortbow (weapon)
Armour
 c - a +0 leather armour (worn)
 m - a +0 pair of gloves (worn)
Scrolls
 b - a scroll of immolation
 d - 3 scrolls of fog {unknown}
 f - 3 scrolls of poison {unknown}
 k - a scroll of teleportation {unknown}
 l - a scroll of magic mapping {unknown}
Potions
 e - 2 potions of degeneration
 g - a potion of lignification
 h - 2 potions of might
 i - 3 potions of curing
 j - a potion of attraction {unknown}


   Skills:
 + Level 3.9 Fighting
 * Level 6.0 Ranged Weapons
 + Level 3.4 Dodging
 - Level 0.7 Stealth


You had 4 spell levels left.
You didn't know any spells.
Your spell library contained the following spells:

 Spells                   Type           Power      Damage    Failure   Level
 Apportation              Tloc           0%         N/A       52%         1
 Necrotise                Necr           0%         1d4       52%         1
 Summon Small Mammal      Summ           0%         N/A       52%         1
 Conjure Flame            Conj/Fire      0%         6-21      88%         3
 Ignite Poison            Fire/Tmut/Pois 0%         N/A       88%         3
 Sticky Flame             Conj/Fire      0%         2d3       99%         4


Dungeon Overview and Level Annotations

Branches:
Dungeon (4/15)
 Temple: D:4-7

Altars:


Innate Abilities, Weirdness & Mutations

You have a pair of horns on your head.
You reflexively headbutt those who attack you in melee.


Message History

Fire: a) +0 shortbow
Press: ? - help, Q - select action Shift-Dir - straight line, f/p - iguana
Aim: an iguana (moderately wounded, 66% to hit)
You shoot an arrow. The arrow hits the iguana.
The iguana is moderately wounded.
The iguana bites you! x2
Fire: a) +0 shortbow
Press: ? - help, Q - select action Shift-Dir - straight line, f/p - iguana
Aim: an iguana (moderately wounded, 66% to hit)
You shoot an arrow. The arrow closely misses the iguana.
The iguana barely misses you.
Fire: a) +0 shortbow
Press: ? - help, Q - select action Shift-Dir - straight line, f/p - iguana
Aim: an iguana (moderately wounded, 66% to hit)
You shoot an arrow. The arrow hits the iguana.
The iguana is heavily wounded.
The iguana bites you.
Fire: a) +0 shortbow
Press: ? - help, Q - select action Shift-Dir - straight line, f/p - iguana
Aim: an iguana (heavily wounded, 66% to hit)
You shoot an arrow. The arrow closely misses the iguana.
The iguana barely misses you. You furiously retaliate!
You headbutt the iguana, but do no damage.
You feel very mighty all of a sudden. The iguana bites you!
* * * LOW HITPOINT WARNING * * *
Fire: a) +0 shortbow
Press: ? - help, Q - select action Shift-Dir - straight line, f/p - iguana
Aim: an iguana (heavily wounded, 66% to hit)
You shoot an arrow. The arrow closely misses the iguana.
The iguana barely misses you.
Fire: a) +0 shortbow
Press: ? - help, Q - select action Shift-Dir - straight line, f/p - iguana
Aim: an iguana (heavily wounded, 66% to hit)
You shoot an arrow. The arrow hits the iguana.
The iguana is heavily wounded.
The iguana bites you.
* * * LOW HITPOINT WARNING * * *
The iguana bites you!
You die...

#.#.# #...<....# ..
##.#.# ##...|....#
#..#.###.........#
#.##.....#.......#
######.##..#####.....##
#.......#..# #......##
#.......#..###)##..###
#.........##.l........
#.......#...@...)......
#.........#..#####.###..
#.......###.## .# .
#.......###.# ..
#...........#
#..........#########
########.........>.#
##........#.# #.######>#


You could see an iguana.

Vanquished Creatures
  An iguana (D:4)
  A gnoll (D:1)
  4 adders (D:3)
  An ufetubus (D:3)
  2 worms
  3 dart slugs
  6 orcs
  3 bats
  7 endoplasms
  5 giant cockroaches
  3 goblins (D:1)
  9 hobgoblins
  5 jackals (D:1)
  6 quokkas
  A ball python (D:1)
  4 frilled lizards
  7 kobolds
  10 rats
78 creatures vanquished.

Vanquished Creatures (others)
  8 fungi (D:1)
  12 plants (D:1)
  3 toadstools (D:1)
23 creatures vanquished.

Grand Total: 101 creatures vanquished

Notes
Turn   | Place    | Note
-------+----------+-------------------------------------------
     0 | D:1      | groovy9 the Minotaur Hunter began the quest for the Orb.
     0 | D:1      | Reached XP level 1. HP: 18/18 MP: 0/0
    44 | D:1      | Reached XP level 2. HP: 11/25 MP: 1/1
   604 | D:1      | Reached skill level 5 in Ranged Weapons
   608 | D:1      | Reached XP level 3. HP: 31/31 MP: 2/2
  1265 | D:2      | Found a faded altar of an unknown god.
  1716 | D:2      | Reached XP level 4. HP: 38/38 MP: 3/3
  2746 | D:3      | Identified the +5 long sword "Dosieky" {distort, Fly Str-2
                  | SInv Stlth+}
  3178 | D:4      | Reached XP level 5. HP: 46/46 MP: 4/4
  3180 | D:4      | Reached skill level 6 in Ranged Weapons
  3440 | D:4      | Slain by an iguana

Illustrated notes

Levels and vault maps discovered:
D:1:      dpeg_arrival_ratfight, layout_rooms, st_stairs_9, moated_statue,
          minmay_gold_behind_fungi, wad_woods_river_04, nicolae_wormholes
D:2:      layout_basic, ebering_ecumenical_altar_mist, kennysheep_flooded_box
D:3:      layout_basic
D:4:      layout_rooms

Skill      XL: |  1  2  3  4  5 |
---------------+----------------+-----
Fighting       | 3 |  3.9
Ranged Weapons | 5 6 |  6.0
Dodging        | 3 |  3.4
Stealth        | |  0.7

Action                   |  1- 3 |  4- 6 || total
-------------------------+-------+-------++-------
 Fire: Shortbow          |   178 |   113 ||   291
  Use: Scroll            |     3 |     3 ||     6
       Potion            |       |     1 ||     1
Armor: Leather armour    |     8 |    11 ||    19
Dodge: Dodged            |    19 |    43 ||    62
